[Event "Titled Tuesday Blitz July 13 2021"]
[White "Rodriguez Hernandez, Luis Daniel"]
[Black "Skatchkov, Valery"]
[WhiteFideId "3506770"]
[BlackFideId "24195812"]
[WhiteElo "2133"]
[BlackElo "2199"]
[Result "0-1"]
[Round "11"]
[TimeControl "180+1"]
[Date "2021.07.13"]
[WhiteClock "0:00:02"]
[BlackClock "0:01:06"]

1. e4 e5 2. Nf3 d5 3. d4 dxe4 4. Nxe5 Bd6 5. Bf4 Nc6 6. Bb5 Nf6 7. Nxc6 bxc6 8. Bxc6+ Bd7 9. Bxd6 Bxc6 10. Ba3 Nd5 11. Qg4 Qf6 12. Nd2 e3 13. Ne4 exf2+ 14. Kd2 Qxd4+ 15. Kc1 Qe3+ 16. Kb1 Qe1+ 17. Qd1 Qxe4 18. Qd2 O-O-O 19. Qxf2 Rhe8 20. Rc1 Qe3 21. Qxf7 Nf6 22. b3 Ne4 23. Qxg7 Rd7 24. Qg4 Qc3 25. Rg1 Nd2+ 26. Kc1 Qxa1# 0-1


[Site "https://www.chess.com"]

[Event "Titled Tuesday Blitz July 13 2021"]
[White "Rodriguez, Santiago"]
[Black "Hebden, Mark L"]
[WhiteFideId "3000591"]
[BlackFideId "400084"]
[WhiteElo "2256"]
[BlackElo "2457"]
[Result "0-1"]
[Round "11"]
[TimeControl "180+1"]
[Date "2021.07.13"]
[WhiteClock "0:00:01"]
[BlackClock "0:01:09"]

1. d4 Nf6 2. Bg5 d5 3. Bxf6 exf6 4. e3 Bd6 5. Bd3 f5 6. Qf3 g6 7. Nd2 c6 8. Ne2 Nd7 9. h3 Nf6 10. O-O-O Qe7 11. Rdg1 h5 12. g4 hxg4 13. hxg4 Rxh1 14. Rxh1 Nxg4 15. Rh8+ Kd7 16. c4 dxc4 17. Nxc4 Kc7 18. Nf4 Nf6 19. Kb1 Rb8 20. Qh1 Be6 21. Rxb8 Kxb8 22. Nxd6 Qxd6 23. Qh8+ Kc7 24. Qg7 Nd5 25. Nxd5+ Bxd5 26. Qg8 a5 27. Qe8 Kb6 28. a3 Ka7 29. Qe5 Qxe5 30. dxe5 c5 31. Kc2 Kb6 32. Kc3 a4 33. f4 Ka5 34. Bc4 Be6 35. Bd3 b5 36. Bc2 b4+ 37. Kd3 Kb5 38. Bd1 c4+ 39. Kd4 c3 0-1


[Site "https://www.chess.com"]

[Event "Titled Tuesday Blitz July 13 2021"]
[White "Salazar Cabezas, Alberto Javier"]
[Black "Mikhalsky, Vladimir"]
[WhiteFideId "6104401"]
[BlackFideId "14144352"]
[WhiteElo "1893"]
[BlackElo "2280"]
[Result "1-0"]
[Round "11"]
[TimeControl "180+1"]
[Date "2021.07.13"]
[WhiteClock "0:01:03"]
[BlackClock "0:00:13"]

1. Nf3 c5 2. c4 Nf6 3. Nc3 d5 4. cxd5 Nxd5 5. e3 Nc6 6. d4 Nxc3 7. bxc3 g6 8. Bc4 Bg7 9. O-O O-O 10. a4 e5 11. Ba3 Na5 12. Ba2 e4 13. Nd2 b6 14. Nxe4 Re8 15. Qd3 Bb7 16. Ng3 cxd4 17. cxd4 Qd7 18. Bb4 Nc6 19. Ba3 Na5 20. Bb4 Nc6 21. Bd2 Ne7 22. Rfc1 Nd5 23. e4 Nf6 24. d5 h5 25. Bc3 h4 26. Bxf6 Bxf6 27. Ne2 Bxa1 28. Rxa1 Qxa4 29. d6 Rad8 30. Bxf7+ Kxf7 31. Rxa4 1-0


[Site "https://www.chess.com"]

[Event "Titled Tuesday Blitz July 13 2021"]
[White "Semcesen, Daniel"]
[Black "shnitez"]
[WhiteFideId "1706993"]
[WhiteElo "2505"]
[BlackElo "2449"]
[Result "0-1"]
[Round "11"]
[TimeControl "180+1"]
[Date "2021.07.13"]
[WhiteClock "0:00:18"]
[BlackClock "0:00:06"]

1. d4 Nf6 2. c4 e6 3. Nc3 Bb4 4. e3 b6 5. Nf3 Bb7 6. Bd2 O-O 7. Bd3 d6 8. O-O Nbd7 9. a3 Bxc3 10. Bxc3 Ne4 11. Be1 f5 12. Nd2 Qg5 13. f4 Qh6 14. Nxe4 Bxe4 15. Bxe4 fxe4 16. Qc2 Nf6 17. h3 c6 18. Bb4 Rad8 19. a4 a5 20. Bd2 g5 21. b4 axb4 22. Bxb4 g4 23. Qf2 gxh3 24. Qg3+ Kf7 25. Qxh3 Qxh3 26. gxh3 c5 27. Bc3 Nh5 28. Kf2 Rg8 29. Rg1 Rxg1 30. Rxg1 Ra8 31. Ra1 Ng7 32. a5 bxa5 33. Rxa5 Rxa5 34. Bxa5 cxd4 35. exd4 Nf5 36. Bc3 Ke7 37. Ke2 Kd7 38. Kd2 Kc6 39. Ke2 Kd7 40. Bb4 Nxd4+ 41. Kd2 Nf5 42. c5 d5 43. Bc3 Kc6 44. Be5 Kxc5 45. Kc3 d4+ 46. Kd2 Kc4 47. Bf6 e3+ 48. Ke2 Kc3 49. Be5 Kc2 50. Bxd4 Nxd4+ 51. Kxe3 Nf5+ 52. Ke4 Ne7 53. Ke5 Ng6+ 54. Kf6 Nxf4 55. Ke5 Nxh3 56. Kxe6 Nf4+ 57. Kf5 Ng6 58. Kg5 Nf8 59. Kh6 Kd3 60. Kg7 Ke4 61. Kxf8 h5 62. Kg7 h4 0-1


[Site "https://www.chess.com"]

[Event "Titled Tuesday Blitz July 13 2021"]
[White "Senthil Maran K"]
[Black "Bugayev, Vladimir"]
[WhiteFideId "25035681"]
[BlackFideId "30901480"]
[WhiteElo "2194"]
[BlackElo "2358"]
[Result "1/2-1/2"]
[Round "11"]
[TimeControl "180+1"]
[Date "2021.07.13"]
[WhiteClock "0:00:27"]
[BlackClock "0:00:04"]

1. h3 c5 2. e3 Nc6 3. d4 cxd4 4. exd4 g6 5. c3 Bg7 6. Bg5 h6 7. Bf4 d6 8. Nd2 Nf6 9. Ngf3 Qb6 10. Qb3 Qxb3 11. axb3 Bd7 12. b4 O-O 13. Be2 g5 14. Bh2 Rfc8 15. O-O a5 16. bxa5 Rxa5 17. Rxa5 Nxa5 18. Ra1 Nc6 19. Nc4 Be6 20. Nb6 Rd8 21. Nd2 Nd7 22. Ndc4 Bxc4 23. Nxc4 d5 24. Ne3 e6 25. Bb5 Rc8 26. Nc2 Bf8 27. Ne1 Nf6 28. Nd3 Ne4 29. Kf1 Nd6 30. Bxc6 Rxc6 31. Ra8 Kg7 32. Be5+ f6 33. Bxf6+ Kxf6 34. Rxf8+ Kg7 35. Rb8 Rb6 36. b4 Ne4 37. Nc5 Nxc3 38. Rxb7+ Rxb7 39. Nxb7 Nb5 40. Nc5 Nxd4 41. g4 Kf6 42. Nd7+ Ke7 43. Ne5 Kf6 44. Nd3 e5 45. Nc5 e4 46. Na4 Ke5 47. Nc3 Kd6 48. Nd1 Nc2 49. b5 Kc5 50. Nc3 Nb4 51. Ke2 Kc4 52. Kd2 d4 53. Nxe4 Kxb5 54. Nd6+ Kc5 55. Nf7 Nd5 56. Nxh6 Nf4 57. Nf5 Nxh3 58. f3 Ng1 59. Kd3 Nxf3 60. Ke4 Nh2 61. Nh6 Nxg4 62. Nxg4 Kc4 63. Ne5+ Kc3 64. Nd3 Kc2 65. Nf2 g4 66. Nxg4 d3 67. Ne3+ Kc3 68. Kf3 d2 69. Ke2 d1=Q+ 70. Nxd1+ 1/2-1/2


[Site "https://www.chess.com"]

[Event "Titled Tuesday Blitz July 13 2021"]
[White "Shafigullina, Zarina"]
[Black "Sellitti, Federico"]
[WhiteFideId "24174220"]
[BlackFideId "821829"]
[WhiteElo "2087"]
[BlackElo "2568"]
[Result "1-0"]
[Round "11"]
[TimeControl "180+1"]
[Date "2021.07.13"]
[WhiteClock "0:00:17"]
[BlackClock "0:00:02"]

1. d4 d5 2. Nf3 Nc6 3. g3 Bg4 4. Bg2 Qd7 5. O-O Bh3 6. c4 Bxg2 7. Kxg2 h5 8. cxd5 Qxd5 9. Nc3 Qd7 10. d5 Nd8 11. e4 f6 12. Nh4 Kf7 13. e5 fxe5 14. Qd3 Nf6 15. Ng6 Kg8 16. Nxh8 Kxh8 17. Qg6 e6 18. Bg5 exd5 19. Bxf6 gxf6 20. Qxf6+ Bg7 21. Qg6 Ne6 22. Rad1 c6 23. Qxh5+ Kg8 24. Ne4 Qe7 25. Nd2 Rf8 26. h4 Qf6 27. b3 e4 28. Qe2 Qg6 29. Kh1 Qf5 30. Nb1 Be5 31. Nd2 Qh3+ 32. Kg1 Rf4 33. Qh5 Rf5 34. Qg6+ Ng7 35. Nxe4 1-0


[Site "https://www.chess.com"]

[Event "Titled Tuesday Blitz July 13 2021"]
[White "Shahade, Gregory"]
[Black "Dushyant Sharma"]
[WhiteFideId "2009064"]
[BlackFideId "25065130"]
[WhiteElo "2696"]
[BlackElo "2019"]
[Result "1-0"]
[Round "11"]
[TimeControl "180+1"]
[Date "2021.07.13"]
[WhiteClock "0:00:08"]
[BlackClock "0:00:12"]

1. e4 d5 2. exd5 Nf6 3. d4 Bg4 4. Bb5+ c6 5. dxc6 Nxc6 6. Ne2 e6 7. O-O Bd6 8. h3 Bh5 9. c3 h6 10. Qa4 O-O 11. Nf4 Qc7 12. Nxh5 Nxh5 13. Qd1 Nf4 14. Qf3 Ng6 15. Be3 a6 16. Bd3 f5 17. Re1 Rae8 18. Nd2 Qf7 19. Nc4 Bc7 20. Qh5 Qf6 21. Bd2 b5 22. Na3 e5 23. dxe5 Ngxe5 24. f4 Ng6 25. Rxe8 Rxe8 26. Qxf5 Nxf4 27. Qxf6 gxf6 28. Bxf4 Bxf4 29. Rf1 Be3+ 30. Kh2 Kg7 31. Nc2 Bd2 32. Rf2 Bc1 33. b3 Bb2 34. c4 Ne5 35. Bf1 bxc4 36. bxc4 Rc8 37. Ne3 Ba3 38. Nf5+ Kg6 39. g4 Nxc4 40. Bd3 Kf7 41. Rc2 Nb6 42. Rxc8 Nxc8 43. Bxa6 Nb6 44. Nxh6+ Kg6 45. Nf5 Na4 46. Bd3 Kg5 47. Kg3 Nb2 48. h4+ Kg6 49. Bc2 Kf7 50. h5 Nc4 51. Bb3 1-0


[Site "https://www.chess.com"]

[Event "Titled Tuesday Blitz July 13 2021"]
[White "Shevchenko, Kirill"]
[Black "Jarovinsky, Alexey"]
[WhiteFideId "14129574"]
[BlackFideId "14115131"]
[WhiteElo "2569"]
[BlackElo "2446"]
[Result "1-0"]
[Round "11"]
[TimeControl "180+1"]
[Date "2021.07.13"]
[WhiteClock "0:00:05"]
[BlackClock "0:00:01"]

1. d3 Nc6 2. e4 e5 3. Nc3 Bb4 4. g3 Nge7 5. Bg2 d5 6. exd5 Nxd5 7. Ne2 Be6 8. O-O O-O 9. f4 f5 10. fxe5 Nxe5 11. Nf4 Nxf4 12. Bxf4 Bc5+ 13. Kh1 Ng4 14. Qd2 c6 15. Rae1 Qd7 16. d4 Bb4 17. Qd3 Rad8 18. h3 Nf6 19. Be5 Nd5 20. a3 Bd6 21. Nxd5 Bxd5 22. Bxd5+ cxd5 23. Bxd6 Qxd6 24. Re5 Qh6 25. Kg2 f4 26. g4 Rde8 27. Rh5 f3+ 28. Rxf3 Rxf3 29. Kxf3 Qf6+ 30. Qf5 Qxd4 31. Qxh7+ Kf7 32. Qf5+ Kg8 33. Qxd5+ Qxd5+ 34. Rxd5 1-0


[Site "https://www.chess.com"]

[Event "Titled Tuesday Blitz July 13 2021"]
[White "Siniauski, Artsiom"]
[Black "Weetik, Vjacheslav"]
[WhiteFideId "13512269"]
[BlackFideId "4153472"]
[WhiteElo "2210"]
[BlackElo "2469"]
[Result "0-1"]
[Round "11"]
[TimeControl "180+1"]
[Date "2021.07.13"]
[WhiteClock "0:00:01"]
[BlackClock "0:00:06"]

1. e4 c6 2. d4 d5 3. Nc3 dxe4 4. Nxe4 Nf6 5. Nxf6+ exf6 6. c3 Bd6 7. Bd3 O-O 8. Qc2 Re8+ 9. Ne2 h5 10. O-O h4 11. h3 Nd7 12. Be3 Nf8 13. c4 Be6 14. Rae1 Rc8 15. Nc3 Bb8 16. f4 f5 17. Bxf5 Bxc4 18. Bxc8 Bxf1 19. Bxb7 Bxf4 20. Rxf1 Bxe3+ 21. Kh1 Ne6 22. Bxc6 Nxd4 23. Qa4 Re5 24. Nd5 Qg5 25. Be8 Nf5 26. Kh2 Rxd5 27. Bxf7+ Kxf7 28. Qc4 Ke6 29. Qe4+ Kd6 30. Qb4+ Bc5 31. Qb8+ Ke6 32. Re1+ Be3 33. Qg8+ Ke5 34. Qe8+ Kd6 35. Qf8+ Ke6 36. Qe8+ Kf6 37. Qf8+ Kg6 38. Qg8 Qg3+ 39. Kh1 Qxe1+ 40. Kh2 Qg1# 0-1


[Site "https://www.chess.com"]

[Event "Titled Tuesday Blitz July 13 2021"]
[White "Sonis, Francesco"]
[Black "Borisova, Ekaterina"]
[WhiteFideId "895733"]
[BlackFideId "34124184"]
[WhiteElo "2373"]
[BlackElo "2021"]
[Result "1/2-1/2"]
[Round "11"]
[TimeControl "180+1"]
[Date "2021.07.13"]
[WhiteClock "0:00:27"]
[BlackClock "0:00:25"]

1. d4 Nf6 2. c4 e6 3. Nc3 Bb4 4. f3 c5 5. a3 Bxc3+ 6. bxc3 d6 7. e4 Nc6 8. Be3 Qa5 9. Qd2 b6 10. Bd3 Ba6 11. Ne2 cxd4 12. cxd4 Qxd2+ 13. Bxd2 e5 14. d5 Nd8 15. Bb4 Ke7 16. a4 Nb7 17. a5 bxa5 18. Bxa5 Rhc8 19. Bb4 Bxc4 20. Kd2 a5 21. Ba3 Bb3 22. Rhb1 a4 23. Nc1 Na5 24. Bb4 Nc4+ 25. Ke2 Rab8 26. Be1 Nd7 27. Nxb3 axb3 28. Ra4 Ncb6 29. Rb4 Nc5 30. Rb2 f5 31. Bb5 fxe4 32. fxe4 Nxe4 33. Rxe4 Nxd5 34. Bc4 Nf6 35. Bh4 Rb4 36. Bxf6+ gxf6 37. Kd3 f5 38. Rh4 e4+ 39. Ke3 Rcxc4 40. Rxh7+ Ke6 41. Kf4 Rc2 42. Rxc2 bxc2 43. Rc7 Rb2 44. g4 d5 45. gxf5+ Kd6 46. Rc8 d4 47. Kxe4 c1=Q 48. Rxc1 Rxh2 49. f6 Ke6 50. Rc6+ Kf7 51. Kxd4 Rh6 52. Ke5 Rh5+ 53. Kf4 Ra5 54. Rb6 Rc5 55. Rd6 Rb5 56. Ke4 Ra5 57. Rd5 Rxd5 58. Kxd5 Kxf6 1/2-1/2


[Site "https://www.chess.com"]

[Event "Titled Tuesday Blitz July 13 2021"]
[White "Spitzl, Vinzent"]
[Black "Pacheco Lugo, Alejandro Jose"]
[WhiteFideId "12901253"]
[BlackFideId "3903745"]
[WhiteElo "2192"]
[BlackElo "2125"]
[Result "0-1"]
[Round "11"]
[TimeControl "180+1"]
[Date "2021.07.13"]
[WhiteClock "0:00:03"]
[BlackClock "0:00:15"]

1. e4 c5 2. Nf3 d6 3. d4 cxd4 4. Nxd4 Nf6 5. Nc3 a6 6. Bg5 Nbd7 7. Qe2 h6 8. Bh4 e6 9. O-O-O Qc7 10. f4 Be7 11. g4 g5 12. fxg5 Nh7 13. Bg3 hxg5 14. Bg2 Ne5 15. h3 Nf8 16. Rhf1 Nfg6 17. Nf3 Bd7 18. Qe3 Nc4 19. Qd4 O-O-O 20. Nd2 Nce5 21. Nf3 Kb8 22. Nxe5 dxe5 23. Qe3 Nf4 24. Bf2 b5 25. Rg1 Bc8 26. Rxd8 Rxd8 27. Bf1 Rd7 28. Be2 Bb7 29. a3 Rd4 30. Rd1 Bc5 31. Qf3 Rxd1+ 32. Nxd1 Qb6 33. Bxc5 Qxc5 34. Bd3 Qg1 35. Kd2 Qh2+ 36. Nf2 Nxh3 37. Qxh3 Qxf2+ 38. Kc3 Qd4+ 39. Kd2 Bxe4 40. Qh8+ Kc7 41. Qf8 Qf2+ 42. Kc3 Bxd3 43. cxd3 Qd4+ 44. Kc2 Qd7 45. Qg7 Qc6+ 46. Kb1 Qh1+ 47. Ka2 Qd5+ 48. Ka1 Qxd3 49. Qxe5+ Kd7 50. Qxg5 Qd1+ 51. Ka2 Qd5+ 52. Qxd5+ exd5 53. Kb3 a5 54. Kc3 Ke6 55. Kd4 Kd6 56. b4 a4 57. g5 Ke6 58. Kc5 Ke5 59. Kxb5 d4 60. Kc4 Ke4 61. b5 d3 62. b6 d2 63. b7 d1=Q 64. b8=Q Qc2+ 65. Kb4 Qb3+ 66. Ka5 Qxb8 0-1


[Site "https://www.chess.com"]

[Event "Titled Tuesday Blitz July 13 2021"]
[White "Starozhilov, Leonid"]
[Black "Martinez Reyes, Pedro Ramon"]
[WhiteFideId "14106752"]
[BlackFideId "3901807"]
[WhiteElo "2414"]
[BlackElo "2398"]
[Result "1-0"]
[Round "11"]
[TimeControl "180+1"]
[Date "2021.07.13"]
[WhiteClock "0:00:15"]
[BlackClock "0:02:05"]

1. c4 e6 2. Nf3 d5 3. b3 Nf6 4. Bb2 Be7 5. g3 O-O 6. Bg2 b6 7. cxd5 exd5 8. d4 Bb7 9. O-O Re8 10. Nc3 c6 11. e3 a5 12. Ne5 Nbd7 13. f4 Bb4 14. g4 Bxc3 15. Bxc3 Ne4 16. Bxe4 dxe4 17. f5 Qg5 18. Rf4 Nxe5 19. dxe5 Rad8 20. Qe1 Rd3 21. h4 Qd8 22. e6 f6 23. Rc1 c5 24. Qg3 Rd1+ 25. Rf1 Rxf1+ 26. Rxf1 Qd3 27. Bb2 Ba6 28. Rf2 Qd1+ 29. Kh2 Be2 30. Qc7 Bf3 31. Qf7+ 1-0


[Site "https://www.chess.com"]

[Event "Titled Tuesday Blitz July 13 2021"]
[White "Stoyanov, Tsvetan"]
[Black "Aleksandr_Kozak"]
[WhiteFideId "2917173"]
[WhiteElo "2198"]
[BlackElo "2447"]
[Result "1-0"]
[Round "11"]
[TimeControl "180+1"]
[Date "2021.07.13"]
[WhiteClock "0:01:15"]
[BlackClock "0:00:20"]

1. e4 e5 2. Nf3 Nc6 3. d4 exd4 4. Nxd4 Qf6 5. Nxc6 Bc5 6. Qf3 dxc6 7. Nc3 Be6 8. Be3 Bb4 9. Bd2 O-O-O 10. a3 Ba5 11. O-O-O Qxf3 12. gxf3 Ne7 13. h4 h5 14. Be2 Rd7 15. f4 g6 16. Na4 Rxd2 17. Rxd2 Bxd2+ 18. Kxd2 b6 19. Ke3 Re8 20. f3 Bd7 21. Nc3 Nd5+ 22. Nxd5 cxd5 23. Rd1 dxe4 24. fxe4 c5 25. Ba6+ Kc7 26. Rxd7+ Kxd7 27. Bb5+ Ke7 28. Bxe8 Kxe8 29. f5 gxf5 30. exf5 f6 31. Ke4 Ke7 32. Kd5 Kd7 33. a4 a6 34. b3 a5 35. c4 1-0


[Site "https://www.chess.com"]

[Event "Titled Tuesday Blitz July 13 2021"]
[White "Tanenbaum, Zachary"]
[Black "Reprintsev, Alexander"]
[WhiteFideId "2060850"]
[BlackFideId "14100541"]
[WhiteElo "2165"]
[BlackElo "2126"]
[Result "1/2-1/2"]
[Round "11"]
[TimeControl "180+1"]
[Date "2021.07.13"]
[WhiteClock "0:00:04"]
[BlackClock "0:00:07"]

1. e4 d5 2. exd5 Qxd5 3. Nc3 Qa5 4. d4 Nf6 5. Nf3 Nc6 6. Bb5 Ne4 7. Bd2 Nxc3 8. Bxc6+ bxc6 9. Bxc3 Qd5 10. Ne5 Qxg2 11. Qf3 Qxf3 12. Nxf3 Bf5 13. O-O-O Be4 14. Ne5 Bxh1 15. Rxh1 f6 16. Nxc6 Kd7 17. Na5 Rb8 18. d5 e6 19. dxe6+ Kxe6 20. Nc6 Ra8 21. Rg1 Kf7 22. Bd4 a6 23. h4 h5 24. c4 Bd6 25. Kc2 Bf4 26. b4 Rhe8 27. Kd3 Re6 28. b5 axb5 29. cxb5 Rxa2 30. Nd8+ Ke7 31. Nxe6 Kxe6 32. Rxg7 Ra3+ 33. Kc4 Rh3 34. Rg6 Be5 35. Bxe5 Kxe5 36. Rg7 Rxh4+ 37. Kb3 Kd6 38. Rf7 Rf4 39. Rh7 h4 40. Rh5 f5 41. Rh7 Rf3+ 42. Kc4 h3 43. Rh6+ Ke5 44. Rh7 Rxf2 45. Rxh3 Rc2+ 46. Kb3 Rc1 47. Rh7 f4 48. Re7+ Kd4 49. Rf7 Ke3 50. Kb4 f3 51. Re7+ Kd2 52. Rd7+ Ke2 53. Re7+ Kf1 54. Rh7 Kg2 55. Rg7+ Kf2 56. Rf7 Rc2 57. Kb3 Rc5 58. Kb4 Rc1 59. Kb3 Ke3 60. Re7+ Kd4 61. Rd7+ Ke4 62. Re7+ Kd3 63. Rd7+ Ke2 64. Re7+ Kf1 65. Rh7 Re1 66. Rxc7 f2 67. Rf7 Kg2 68. Kb4 f1=Q 69. Rxf1 Kxf1 70. b6 Ke2 71. Kc5 Kd3 72. b7 Rb1 73. Kc6 Kd4 74. Kc7 Rc1+ 75. Kd7 Rb1 76. Kc7 Rxb7+ 77. Kxb7 1/2-1/2


[Site "https://www.chess.com"]

[Event "Titled Tuesday Blitz July 13 2021"]
[White "Tejedor Fuente, Enrique"]
[Black "Shevelev, Dmitri"]
[WhiteFideId "2299100"]
[BlackFideId "2802627"]
[WhiteElo "2535"]
[BlackElo "2262"]
[Result "0-1"]
[Round "11"]
[TimeControl "180+1"]
[Date "2021.07.13"]
[WhiteClock "0:00:29"]
[BlackClock "0:00:01"]

1. c4 g6 2. g3 Bg7 3. Bg2 c6 4. Nc3 d6 5. d4 f6 6. Nf3 Nh6 7. O-O Nf7 8. d5 e5 9. dxc6 bxc6 10. b3 O-O 11. Bb2 Bb7 12. Qd2 Qe7 13. Rfd1 Rd8 14. Ne1 f5 15. Rac1 Bh6 16. e3 f4 17. exf4 exf4 18. Qd4 fxg3 19. hxg3 Nd7 20. Nf3 Nde5 21. Nxe5 dxe5 22. Qg4 Bxc1 23. Rxc1 Rd2 24. Rb1 Rad8 25. Ne4 Rc2 26. c5 Ba6 27. Bf3 Bd3 28. Ba1 Bxe4 29. Qxe4 Qxc5 30. Rf1 Rdd2 31. Qe1 Ng5 32. Bg2 e4 33. Bf6 h6 34. Bxg5 hxg5 35. Bxe4 Rxa2 36. Bxg6 Kg7 37. Bb1 Rab2 38. Qe4 Rxf2 39. Qh7+ Kf8 40. Qh8+ Ke7 41. Qh7+ Rf7+ 42. Kh1 Rxh7+ 43. Bxh7 Qd5+ 44. Rf3 Qxf3+ 0-1


[Site "https://www.chess.com"]

[Event "Titled Tuesday Blitz July 13 2021"]
[White "Terry, Renato"]
[Black "Vasquez Schroeder, Rodrigo"]
[WhiteFideId "3803457"]
[BlackFideId "3400042"]
[WhiteElo "2581"]
[BlackElo "2572"]
[Result "1/2-1/2"]
[Round "11"]
[TimeControl "180+1"]
[Date "2021.07.13"]
[WhiteClock "0:00:03"]
[BlackClock "0:00:05"]

1. d4 Nf6 2. Nf3 e6 3. c4 c5 4. dxc5 Bxc5 5. e3 a6 6. a3 b6 7. b4 Be7 8. Bb2 Bb7 9. Nbd2 d6 10. Be2 Nbd7 11. O-O O-O 12. Rc1 Qc7 13. Qc2 Rac8 14. Qb1 Rfd8 15. Qa1 h6 16. Rfd1 Qb8 17. Nf1 Qa8 18. Ng3 d5 19. cxd5 Bxd5 20. Ne1 b5 21. Bd4 Qb7 22. Rxc8 Rxc8 23. Rc1 Rxc1 24. Qxc1 Nb6 25. f3 Nfd7 26. Nd3 Bc4 27. e4 Qc7 28. Nh5 e5 29. Be3 Qd6 30. Qc2 Bg5 31. Bf2 g6 32. Ng3 Na4 33. Nf1 Ndb6 34. Ne3 Be6 35. Nc5 Kg7 36. Nxa6 Bxe3 37. Bxe3 Bc4 38. Nc5 Bxe2 39. Qxe2 Qc6 40. h3 Nxc5 41. Bxc5 Na4 42. Qe3 Qe6 43. Kh2 g5 44. Qd2 Qc6 45. Be7 Qe6 46. Qd8 f6 47. Qf8+ Kg6 48. Bc5 Nc3 49. Qd8 Nb1 50. Qd3 Qa2 51. Qxb5 Nd2 52. Qe8+ Kh7 53. Qd7+ Kh8 54. Qd8+ Kh7 55. Qxf6 Nf1+ 56. Kg1 Ng3 57. Qe7+ Kg6 58. Qe8+ Kh7 59. Qd7+ Kg6 60. Qe8+ Kh7 61. Qd7+ Kg6 62. Qd1 Ne2+ 63. Kh2 Nf4 64. Qf1 Qxa3 65. Bd6 Qb3 66. Bxe5 Nd3 67. Bd6 Nxb4 68. Bxb4 Qxb4 69. Qd3 Qb8+ 70. Kg1 Qb2 71. Qe3 Kh5 72. Qf2 Qc1+ 73. Kh2 Qf4+ 74. Qg3 Qd2 75. Qg4+ Kg6 76. Qf5+ Kh5 77. Qf7+ Kh4 78. Qf5 h5 79. e5 Qe3 80. Qf6 Qe1 81. f4 Qg3+ 82. Kg1 Qe1+ 83. Kh2 Qg3+ 84. Kg1 Qe1+ 85. Kh2 1/2-1/2


[Site "https://www.chess.com"]

[Event "Titled Tuesday Blitz July 13 2021"]
[White "Timofeev, Artyom"]
[Black "Nabaty, Tamir"]
[WhiteFideId "4140419"]
[BlackFideId "2809052"]
[WhiteElo "2582"]
[BlackElo "2627"]
[Result "0-1"]
[Round "11"]
[TimeControl "180+1"]
[Date "2021.07.13"]
[WhiteClock "0:00:20"]
[BlackClock "0:00:30"]

1. c4 b6 2. Nc3 Bb7 3. e4 e6 4. g3 f5 5. Bg2 Bb4 6. Nge2 Nf6 7. O-O fxe4 8. d3 O-O 9. dxe4 Nc6 10. h3 d6 11. Be3 Bc5 12. Qd2 e5 13. Kh2 Qe8 14. Nb5 Qd7 15. f4 exf4 16. gxf4 Ne7 17. Ng3 Bxe3 18. Qxe3 Rae8 19. Rae1 Ng6 20. Qd2 a6 21. Nd4 Qf7 22. b3 Nh4 23. Bh1 Ng6 24. e5 Bxh1 25. exf6 Bb7 26. Nh5 gxf6 27. Nf5 Kh8 28. Qd4 Nh4 29. Rxe8 Qxe8 30. Nxh4 Qxh5 31. f5 Qh6 32. Rf4 Re8 33. Ng6+ Kg8 34. Rg4 Re2+ 35. Kg1 Qc1+ 0-1


[Site "https://www.chess.com"]

[Event "Titled Tuesday Blitz July 13 2021"]
[White "Tomiello, Lucas Costamilan"]
[Black "Gogolev, Artem"]
[WhiteFideId "22701940"]
[BlackFideId "4116615"]
[WhiteElo "1945"]
[BlackElo "2191"]
[Result "1-0"]
[Round "11"]
[TimeControl "180+1"]
[Date "2021.07.13"]
[WhiteClock "0:02:16"]
[BlackClock "0:02:33"]

1. e4 c5 2. Nf3 Nf6 3. e5 Nd5 4. Nc3 e6 5. Nxd5 exd5 6. d4 Nc6 7. dxc5 Bxc5 8. Bd3 d6 9. exd6 Bxd6 10. O-O O-O 11. h3 Re8 12. c3 h6 13. Be3 Ne5 14. Nxe5 Bxe5 15. Bc2 Be6 16. Qd3 Qh4 17. Qh7+ Kf8 18. Bc5+ 1-0


[Site "https://www.chess.com"]

[Event "Titled Tuesday Blitz July 13 2021"]
[White "Tomiello, Mateus Costamilan"]
[Black "Aldokhin, Ivan"]
[WhiteFideId "22701958"]
[BlackFideId "24115720"]
[WhiteElo "1995"]
[BlackElo "2306"]
[Result "1-0"]
[Round "11"]
[TimeControl "180+1"]
[Date "2021.07.13"]
[WhiteClock "0:00:08"]
[BlackClock "0:00:14"]

1. e4 c5 2. Nf3 e6 3. d4 cxd4 4. Nxd4 a6 5. c4 Qc7 6. Nc3 Nf6 7. Be2 d6 8. O-O Be7 9. Be3 O-O 10. f3 Nbd7 11. Qd2 b6 12. a4 Bb7 13. a5 Rac8 14. axb6 Nxb6 15. Rfc1 Rfe8 16. b3 Bd8 17. Bf1 Qb8 18. Qf2 d5 19. exd5 exd5 20. Nf5 Rxe3 21. Qxe3 Nbd7 22. Kh1 d4 23. Qxd4 Bb6 24. Qh4 Rc5 25. Bd3 Qe5 26. Na4 Bc7 27. Re1 Qf4 28. Qxf4 Bxf4 29. Nxc5 Nxc5 30. Bc2 g6 31. Ng3 Ne6 32. Ne4 Nd7 33. Rad1 Ne5 34. Nd6 Bc6 35. Be4 Nc5 36. Bxc6 Nxc6 37. g3 Bg5 38. Ne4 Nxe4 39. Rxe4 a5 40. Rd6 Nb4 41. c5 f5 42. Re8+ Kf7 43. Ra8 Be7 44. Ra7 Kf8 45. Rdd7 Nc6 46. Rac7 Ne5 47. Rxe7 1-0


[Site "https://www.chess.com"]

[Event "Titled Tuesday Blitz July 13 2021"]
[White "Tong, Hai Anh"]
[Black "Deviprasath, Sharvesh"]
[WhiteFideId "12412805"]
[BlackFideId "30938228"]
[WhiteElo "1467"]
[BlackElo "2102"]
[Result "1-0"]
[Round "11"]
[TimeControl "180+1"]
[Date "2021.07.13"]
[WhiteClock "0:00:02"]
[BlackClock "0:00:04"]

1. Nf3 Nf6 2. g3 g6 3. Bg2 Bg7 4. O-O O-O 5. d4 d6 6. c4 Nbd7 7. Nc3 e5 8. b4 a5 9. b5 exd4 10. Nxd4 Nc5 11. Nb3 Ne6 12. Qc2 Nd7 13. Bb2 Ndc5 14. Nxc5 Nxc5 15. Ne4 Bf5 16. Bxg7 Kxg7 17. Qc3+ f6 18. Nxc5 dxc5 19. Bxb7 Rb8 20. Bc6 Qd4 21. Qxd4 cxd4 22. Rfd1 Rbd8 23. Bd5 Rfe8 24. Kf1 d3 25. exd3 Bd7 26. Re1 Bxb5 27. Rxe8 Bxe8 28. Re1 c6 29. Be4 f5 30. Bg2 Bf7 31. Ke2 Re8+ 32. Kd2 Rb8 33. Re2 c5 34. Kc3 Kf6 35. Rb2 Rxb2 36. Kxb2 Ke5 37. Kc3 g5 38. a3 f4 39. Be4 h6 40. gxf4+ gxf4 41. f3 Be8 42. Bd5 Bd7 43. Be4 Be6 44. Bh7 Bc8 45. Be4 Bd7 46. Bh7 Ba4 47. Be4 Bd1 48. Bd5 Be2 49. Be4 Bf1 50. Kb3 Bh3 51. Ka4 Kd4 52. Kxa5 Bf1 53. Kb5 Be2 54. a4 1-0


[Site "https://www.chess.com"]

[Event "Titled Tuesday Blitz July 13 2021"]
[White "Torkkola, Henri"]
[Black "Gracia Alvarez, Gerardo Antonio"]
[WhiteFideId "507660"]
[BlackFideId "5109124"]
[WhiteElo "2137"]
[BlackElo "2148"]
[Result "1-0"]
[Round "11"]
[TimeControl "180+1"]
[Date "2021.07.13"]
[WhiteClock "0:01:16"]
[BlackClock "0:00:42"]

1. d4 Nf6 2. Bf4 d5 3. e3 c5 4. Nf3 Nc6 5. Nbd2 Qb6 6. dxc5 Qxc5 7. a3 a5 8. c4 e6 9. Rc1 Qb6 10. cxd5 Nxd5 11. Nc4 Qd8 12. Nce5 Nxe5 13. Nxe5 Qb6 14. Qa4+ Ke7 15. Nc4 Qc6 16. Qd1 Nxf4 17. exf4 Qe4+ 18. Be2 Ke8 19. O-O Qxf4 20. Nb6 Bd6 21. g3 1-0


[Site "https://www.chess.com"]

[Event "Titled Tuesday Blitz July 13 2021"]
[White "Tronenkovs, Valdis"]
[Black "Vazquez Espino, Uriel"]
[WhiteFideId "11601558"]
[BlackFideId "5119138"]
[WhiteElo "2232"]
[BlackElo "2244"]
[Result "1-0"]
[Round "11"]
[TimeControl "180+1"]
[Date "2021.07.13"]
[WhiteClock "0:00:12"]
[BlackClock "0:00:06"]

1. e4 c5 2. Ne2 e6 3. Nbc3 Nc6 4. d4 cxd4 5. Nxd4 Qc7 6. Be3 a6 7. Qf3 Ne5 8. Qg3 h5 9. f4 h4 10. Qh3 Ng6 11. Qf3 Bb4 12. Ne2 Nf6 13. O-O-O b5 14. g4 hxg3 15. hxg3 Rxh1 16. Qxh1 Bb7 17. Bg2 O-O-O 18. e5 Ng4 19. Bd4 Rh8 20. Qg1 Rh2 21. Bxb7+ Qxb7 22. Bc5 Bxc3 23. Nxc3 Qg2 24. Qxg2 Rxg2 25. Ne4 f5 26. exf6 gxf6 27. f5 N6e5 28. a4 bxa4 29. Kb1 d5 30. Nd6+ Kd7 31. fxe6+ Kxe6 32. Nb7 Rxg3 33. Nd8+ Kf5 34. Rxd5 Rf3 35. Be7 Rf1+ 36. Ka2 Ke4 37. Ra5 f5 38. Rxa4+ Kf3 39. Ne6 Kg3 40. Bd6 Kh4 41. Bxe5 Re1 42. Bf6+ Kh5 43. Nf4+ Kh6 44. Bc3 Rf1 45. Rxa6+ Kh7 46. Nd3 Ne3 47. Kb3 f4 48. Rf6 f3 49. Bd4 Nd1 50. Bf2 Nxf2 51. Rxf3 Rd1 52. Rxf2 Ra1 53. Kc3 Kg6 54. b3 Ra6 55. Re2 Rc6+ 56. Kd2 Rd6 57. Rf2 Rd7 58. Re2 Rd8 59. Re3 Rd7 60. Kd1 Rd8 61. Kc1 Rh8 62. Ne5+ Kf5 63. Nd3 Rd8 64. Re1 Rb8 65. Kb2 Rc8 66. b4 Rb8 67. Kb3 Rc8 68. Re5+ Kf6 69. Rc5 Rd8 70. Kc3 Ke6 71. b5 Rg8 72. b6 Rg1 73. b7 Rb1 74. Nb4 Rb3+ 75. cxb3 1-0


[Site "https://www.chess.com"]